 Dungeon Crawl Stone Soup version 0.28.0-53-g5a82cb258f (webtiles) character file.

Game seed: 3700321280061732211

51 Gabide the Ducker (level 3, -1/23 HPs)
             Began as a Tengu Monk on June 14, 2022.
             Slain by an orc
             ... wielding a +0 club
              (3 damage)
             ... on level 3 of the Dungeon.
             The game lasted 00:01:04 (1153 turns).

Gabide the Ducker (Tengu Monk)                      Turns: 1153, Time: 00:01:05

Health: -1/23      AC:  2    Str: 11    XL:     3   Next: 83%
Magic:  4/4        EV: 14    Int: 10    God:
Gold:   75         SH:  0    Dex: 18    Spells: 2/2 levels left

rFire   . . .      SeeInvis .   a - +0 spear
rCold   . . .      Faith    .   (no shield)
rNeg    . . .      Spirit   .   b - +0 robe
rPois   .          Reflect  .   (helmet restricted)
rElec   .          Harm     .   (no cloak)
rCorr   .          Rampage  .   (no gloves)
Will    .....                   (boots unavailable)
Stlth   ++........              (no amulet)
HPRegen 0.07/turn               (no ring)
MPRegen 0.09/turn               (no ring)

@: lethally poisoned (-1 -> -5)
A: beak, talons 3
a: no special abilities


You were on level 3 of the Dungeon.
You visited 1 branch of the dungeon, and saw 4 of its levels.

You collected 75 gold pieces.

Inventory:

Hand Weapons
 a - a +0 spear (weapon)
Missiles
 i - 4 silver boomerangs (quivered)
Armour
 b - a +0 robe (worn)
Jewellery
 f - a ring of willpower
 k - an amulet of reflection
Scrolls
 d - 2 scrolls of identify {unknown}
 e - a scroll of fear {unknown}
 g - a scroll of teleportation {unknown}
 h - a scroll of enchant armour {unknown}
 j - a scroll of enchant weapon {unknown}
 l - a scroll of amnesia {unknown}
Potions
 c - 2 potions of mutation {unknown}


   Skills:
 + Level 3.4 Fighting
 + Level 3.8 Polearms
 * Level 4.3 Dodging
 - Level 2.0 Stealth


You had 2 spell levels left.
You didn't know any spells.
Your spell library was empty.

Dungeon Overview and Level Annotations

Branches:
Dungeon (4/15)
 Temple: D:4-7

Altars:


Innate Abilities, Weirdness & Mutations

You have a beak for a mouth.
You have claws for feet.


Message History

The ball python moves out of view.
You hear an angry hiss.
A sourceless malevolence fills the Dungeon...
You fall into a shaft and drop 2 floors!
The shaft crumbles and collapses.
No target in view!
Found a stone staircase leading up.
l - a scroll labelled DUG QESOTHAFOIN An adder comes into view.
An orc comes into view. It is wielding a +0 dagger.
The adder hisses angrily.
The orc shouts!
The adder closely misses you.
There is a stone staircase leading up here.
The adder bites you but does no damage.
You climb upwards.
The orc shouts! x4
Found an escape hatch in the floor.
There is a stone staircase leading down here.
You hit the adder. Your peck misses the adder.
The adder is lightly wounded.
The adder barely misses you.
You barely miss the adder.
The adder is lightly wounded.
The orc hits you with a +0 club. x2; The adder closely misses you.
You hit the adder. Your punch misses the adder.
The adder is moderately wounded.
The adder bites you. The orc barely misses you.
The orc hits you with a +0 club. The orc hits you with a +0 dagger.
The orc hits you with a +0 short sword.
You hit the adder. You peck the adder.
The adder is heavily wounded.
The adder bites you.
You are poisoned.
The adder poisons you! The orc hits you but does no damage.
The orc closely misses you. x2; The orc hits you with a +0 short sword.
* * * LOW HITPOINT WARNING * * *
* * * LOW HITPOINT WARNING * * *
You feel sick. The adder barely misses you. The orc hits you with a +0 club.
You die...

######
#.o@o#
#.oSo...#
#..o.#..#
#.#### .#
#+ #


You could see an adder and 5 orcs.

Vanquished Creatures
  An adder (D:2)
  6 endoplasms
  4 giant cockroaches
  3 goblins
  A hobgoblin (D:2)
  5 kobolds
  2 quokkas (D:1)
  4 ball pythons
  4 bats (D:1)
  4 frilled lizards (D:1)
  4 rats (D:1)
38 creatures vanquished.

Notes
Turn   | Place    | Note
-------+----------+-------------------------------------------
     0 | D:1      | Gabide the Tengu Monk began the quest for the Orb.
     0 | D:1      | Reached XP level 1. HP: 14/14 MP: 2/2
    72 | D:1      | Reached XP level 2. HP: 18/19 MP: 3/3
   557 | D:1      | Reached skill level 4 in Dodging
   557 | D:1      | Reached XP level 3. HP: 22/23 MP: 4/4
  1111 | D:2      | You fall into a shaft and drop 2 floors!
  1153 | D:3      | Slain by an orc

Illustrated notes

Levels and vault maps discovered:
D:1:      lightli_arrival_lavapool, layout_basic, serial_park_tiny_1,
          minmay_hexomino_c4
D:2:      layout_rooms
D:3:      layout_basic, mainiacjoe_overflow_cross_hatched, chequers_avenue
D:4:      minmay_polygon_palace, layout_basic, minmay_temple_entry_crystal_x

Skill      XL: |  1  2 |
---------------+-------+-----
Dodging        | 4 |  4.3
Fighting       | |  3.4
Polearms       | |  3.8
Stealth        | |  2.0

Action                   || total
-------------------------++-------
Melee: Spear             ||    88
       Kick              ||    16
       Peck              ||     9
       Punch             ||     2
Throw: Boomerang         ||     3
 Stab: Sleeping          ||     6
Armor: Robe              ||     9
Dodge: Dodged            ||    35
